 Dungeon Crawl Stone Soup version 0.32-a0-913-g739538afd8 (webtiles) character file.

Game seed: 17127010285798992851

744 tilp the Vexing (level 7, -1/51 HPs)
             Began as a Vampire Enchanter on Apr 9, 2024.
             Was an Initiate of Wu Jian.
             Killed by nerve-wracking pain
             ... invoked by an orc priest
              (12 damage)
             ... on level 5 of the Dungeon.
             The game lasted 00:07:08 (5479 turns).

tilp the Vexing (Vampire Enchanter)                 Turns: 5479, Time: 00:07:09

Health: -1/51      AC:  6    Str:  7    XL:     7   Next: 47%
Magic:  2/11       EV: 10    Int: 19    God:    Wu Jian [......]
Gold:   142        SH:  4    Dex: 15    Spells: 7/12 levels left

rFire   . . .        a - +1 dagger (venom)
rCold   . . .        r - +0 buckler
rNeg    . . .        g - +0 leather armour
rPois   .            m - +0 helmet
rElec   .            j - +1 cloak
rCorr   +            (no gloves)
SInv    +            (no boots)
Will    .....        (no amulet)
Stlth   +++          i - ring of resist corrosion
HPRegen 0.48/turn    (no ring)
MPRegen 0.12/turn

%: no passive effects
@: very slightly contaminated, healing quickly
A: alive, fangs 3, see invisible, vampiric 2
a: Exsanguinate, Renounce Religion


You were on level 5 of the Dungeon.
You worshipped Wu Jian.
Wu Jian was noncommittal.
You visited 1 branch of the dungeon, and saw 5 of its levels.

You collected 245 gold pieces.
You spent 103 gold pieces at shops.

Inventory:

Hand Weapons
 a - a +1 dagger of venom (weapon)
 b - a +1 dagger of speed
 l - a +1 dagger of chaos
Armour
 g - a +0 leather armour (worn)
 j - a +1 cloak (worn)
 k - a +0 robe
 m - a +0 helmet (worn)
 r - a +0 buckler (worn)
Magical Staves
 q - a staff of cold
Jewellery
 i - a ring of resist corrosion (left hand)
Scrolls
 d - a scroll of fog {unknown}
 h - 2 scrolls of poison
 p - a scroll of teleportation {unknown}
Potions
 c - 2 potions of invisibility
 e - 3 potions of heal wounds
 f - 2 potions of attraction
 n - 2 potions of haste {unknown}
 o - a potion of curing {unknown}
 s - 2 potions of mutation {unknown}
 t - a potion of resistance {unknown}


   Skills:
 * Level 2.9 Fighting
 + Level 2.7(3.5) Short Blades
 * Level 3.1(3.5) Long Blades
 + Level 1.9 Armour
 + Level 3.2 Dodging
 + Level 5.8 Stealth
 + Level 0.8 Shields
 + Level 3.0 Spellcasting
 * Level 6.6 Hexes


You had 7 spell levels left.
You knew the following spells:

 Your Spells              Type           Power      Damage    Failure   Level
a - Ensorcelled Hibernat  Hex/Ice        30%        N/A       14%         2
b - Confusing Touch       Hex            28%        N/A       7%          3

Your spell library contained the following spells:

 Spells                   Type           Power      Damage    Failure   Level
 Tukima's Dance           Hex            28%        N/A       7%          3
 Dazzling Flash           Conj/Hex       30%        N/A       28%         3
 Starburst                Conj/Fire      1%         6d3       100%        6
 Maxwell's Capacitive Co  Air            1%         ∞         100%        8


Dungeon Overview and Level Annotations

Branches:
Dungeon (5/15)
 Temple: D:4-7

Altars:
Kikubaaqudgha
Makhleb
Nemelex Xobeh
Uskayaw
Wu Jian

Shops:
D:1 [


Innate Abilities, Weirdness & Mutations

Your natural rate of healing is accelerated.
You have razor-sharp teeth.
You have supernaturally acute eyesight. (SInv)
You are afflicted with vampirism and can become a bat while bloodless.


Message History

Aim: an orc priest, wielding a +0 hand axe and wearing a +0 leather armour (chance to affect: 49%)
The orc priest resists with some effort.
The orc hits you with a +0 dagger.
The orc priest hits you with a +0 hand axe.
Casting: Ensorcelled Hibernation (safe; 14% risk of failure)
Confirm with . or Enter, or press ? or * to list all spells.
Aiming: Ensorcelled Hibernation (safe; 14% risk of failure)
Press: ? - help, Shift-Dir - straight line, f/p - orc priest
Aim: an orc priest, wielding a +0 hand axe and wearing a +0 leather armour (chance to affect: 49%)
You miscast Ensorcelled Hibernation.
You are very lightly contaminated with residual magic.
Nothing appears to happen.
The orc hits you with a +0 dagger.
* * * LOW HITPOINT WARNING * * *
The orc priest hits you with a +0 hand axe.
* * * LOW HITPOINT WARNING * * *
Casting: Ensorcelled Hibernation (safe; 14% risk of failure)
Confirm with . or Enter, or press ? or * to list all spells.
Aiming: Ensorcelled Hibernation (safe; 14% risk of failure)
Press: ? - help, Shift-Dir - straight line, f/p - orc priest
Aim: an orc priest, wielding a +0 hand axe and wearing a +0 leather armour (chance to affect: 49%)
You miscast Ensorcelled Hibernation.
Nothing appears to happen.
You block the orc's attack.
The orc priest hits you with a +0 hand axe.
* * * LOW HITPOINT WARNING * * *
You closely miss the orc priest. The orc closely misses you.
The orc priest hits you with a +0 hand axe.
* * * LOW HITPOINT WARNING * * *
You barely miss the orc priest. The orc closely misses you.
The orc priest hits you but does no damage.
You barely miss the orc priest.
You kill the orc!
The Council accepts your kill.
The orc priest hits you with a +0 hand axe.
* * * LOW HITPOINT WARNING * * *
You hit the orc priest.
The orc priest is poisoned.
Your bite misses the orc priest.
The orc priest is lightly wounded.
The orc priest mumbles some strange prayers to Beogh against you.
Pain shoots through your body!
You die...

.#..# ..###
.##.####....####
###.#.....###....
.##.#....###.....#
.................#
................#
#...............#
##........#.....##
#........#....)@+
##.............o## #.
................# ...
..#######.......## ###...
..#.....#........##.....
..#.....#............#
..'.._..#............##
..#.....#...#.#....../##.#
#.#.....#..##....#........


You could see an orc priest (very poisoned).

Vanquished Creatures
  A sky beast (D:4)
  A phantom (D:4)
  2 scorpions
  A vampire bat (D:4)
  2 hounds
  A jelly (D:5)
  Natasha (thrice) (D:3)
  An iguana (D:5)
  3 orc wizards
  7 adders
  A dart slug (D:2)
  A ribbon worm (D:2)
  9 orcs
  3 bat skeletons (D:4)
  3 bat zombies (D:4)
  9 endoplasms
  7 giant cockroaches
  4 goblins
  3 hobgoblins (D:1)
  4 jackals (D:2)
  4 quokkas
  6 ball pythons
  4 bats
  4 frilled lizards
  2 kobolds
  3 rats
89 creatures vanquished.

Notes
Turn   | Place    | Note
-------+----------+-------------------------------------------
     0 | D:1      | tilp the Vampire Enchanter began the quest for the Orb.
     0 | D:1      | Reached XP level 1. HP: 13/13 MP: 3/3
    70 | D:1      | Found Zemmuj's Antique Armour Shop.
   108 | D:1      | Reached XP level 2. HP: 16/20 MP: 5/5
   117 | D:1      | Learned a level 2 spell: Ensorcelled Hibernation
   867 | D:2      | Gained mutation: You are afflicted with vampirism and can
                  | become a bat while bloodless. [Vampire growth]
   867 | D:2      | Reached XP level 3. HP: 25/25 MP: 3/6
   871 | D:2      | Learned a level 3 spell: Confusing Touch
   913 | D:2      | Reached skill level 1 in Fighting
   913 | D:2      | Reached skill level 1 in Long Blades
  1037 | D:2      | Reached skill level 5 in Hexes
  1147 | D:2      | Reached XP level 4. HP: 32/32 MP: 7/7
  1300 | D:3      | Found a sparkling altar of Nemelex Xobeh.
  1700 | D:3      | Reached skill level 1 in Armour
  1719 | D:3      | Found an ornate altar of the Wu Jian Council.
  1831 | D:3      | Became a worshipper of the Wu Jian Council
  2029 | D:3      | Noticed Natasha
  2036 | D:3      | Killed Natasha
  2037 | D:3      | Reached XP level 5. HP: 31/37 MP: 3/8
  2247 | D:3      | Found an ornate altar of the Wu Jian Council.
  2651 | D:3      | Found a sparkling altar of Nemelex Xobeh.
  2718 | D:3      | Noticed Natasha
  2725 | D:3      | Killed Natasha
  3118 | D:3      | Found an ornate altar of the Wu Jian Council.
  3301 | D:3      | Found a sparkling altar of Nemelex Xobeh.
  3770 | D:3      | Found an ornate altar of the Wu Jian Council.
  3908 | D:3      | Noticed Natasha
  3912 | D:3      | Killed Natasha
  3913 | D:3      | Reached skill level 5 in Stealth
  4226 | D:1      | Bought a helmet for 103 gold pieces
  4305 | D:4      | Noticed a sky beast
  4312 | D:4      | Reached XP level 6. HP: 44/44 MP: 6/9
  4312 | D:4      | Killed a sky beast
  4313 | D:4      | Reached skill level 6 in Hexes
  4447 | D:4      | Found a hide-covered altar of Uskayaw.
  4969 | D:4      | Found an ancient bone altar of Kikubaaqudgha.
  5155 | D:5      | Entered Level 5 of the Dungeon
  5176 | D:4      | Reached XP level 7. HP: 51/51 MP: 8/11
  5272 | D:5      | Found a burning altar of Makhleb.
  5479 | D:5      | Killed from afar by an orc priest

Illustrated notes

Levels and vault maps discovered:
D:1:      mrwooster_arrival_statue_3, layout_basic, serial_shops,
          nicolae_shop_crystal
D:2:      layout_rooms, grunt_decor_fettered
D:3:      layout_loops_ring, nemelex_spade_bored_becter,
          nzn_wu_jian_council_hall, uniq_natasha
D:4:      layout_loops_ring, lemuel_coloured_pillars_altar,
          kennysheep_vampire_church, chequers_big_river
D:5:      layout_cave_pools, amcnicky_altar_gilded,
          gammafunk_temple_overflow_elements

Skill      XL: |  1  2  3  4  5  6  7 |
---------------+----------------------+-----
Fighting       | 1 2 |  2.9
Long Blades    | 1 2 3 |  3.1
Hexes          | 5 6 |  6.6
Armour         | 1 |  1.9
Stealth        | 5 |  5.8
Short Blades   | 2 |  2.7
Dodging        | 3 |  3.2
Spellcasting   | 3 |  3.0
Shields        | |  0.8

Action                     |  1- 3 |  4- 6 |  7- 9 || total
---------------------------+-------+-------+-------++-------
  Melee: Dagger            |    89 |   159 |    15 ||   263
         Bite              |     4 |    21 |       ||    25
   Cast: Ensorcelled Hiber |     7 |    22 |    12 ||    41
         Confusing Touch   |       |     3 |       ||     3
Ability: Lunge             |       |    11 |     1 ||    12
    Use: Scroll            |     2 |     1 |     8 ||    11
   Stab: Sleeping          |    18 |    24 |     5 ||    47
         Confused          |       |     1 |       ||     1
 Armour: Robe              |    22 |       |       ||    22
         Leather armour    |    27 |   118 |    14 ||   159
  Dodge: Dodged            |    40 |    94 |    10 ||   144
  Block: Buckler           |       |    11 |     2 ||    13

Table legend: (Time is in decaauts)
 A = Elapsed time spent in this place.
 B = Non-inter-level travel time spent in this place.
 C = Inter-level travel time spent in this place.
 D = Time resting spent in this place.
 E = Time spent auto-exploring this place.
 F = Levels seen in this place.
 G = Mean time per level.
                   A        B        C        D        E       F      G
               +--------+--------+--------+--------+--------+-----+--------+
         Total |   5467 |   5224 |    243 |    254 |   4098 |   5 | 1093.4 |
       Dungeon |   5467 |   5224 |    243 |    254 |   4098 |   5 | 1093.4 |
               +--------+--------+--------+--------+--------+-----+--------+

Top non-repeatable levels by time:
     D:3: 2710 daAuts
     D:4: 1112 daAuts
     D:2: 690 daAuts
     D:1: 644 daAuts
     D:5: 308 daAuts
